 Dungeon Crawl Stone Soup version 0.21-a0-95-g06f091e (webtiles) character file.

36640 Gorglomux the Spry (level 13, -11/117 HPs)
             Began as a Merfolk Gladiator on July 4, 2017.
             Was a High Priest of Ru.
             Mangled by a large abomination (32 damage)
             ... on level 12 of the Dungeon on July 5, 2017.
             The game lasted 00:53:51 (20862 turns).

Gorglomux the Spry (Merfolk Gladiator)             Turns: 20862, Time: 00:53:52

Health: -11/117    AC:  8    Str: 23    XL:     13   Next: 91%
Magic:  13/15      EV: 16    Int:  8    God:    Ru [*****.]
Gold:   913        SH:  8    Dex: 16    Spells: 12/12 levels left

rFire    + . .     SeeInvis .   b - +3 spear (pierce)
rCold    . . .     Gourm    .   v - +3 buckler
rNeg     . . .     Faith    .   O - +0 chain mail
rPois    .         Spirit   .   c - +0 helmet
rElec    .         Reflect  .   q - +2 cloak {+Inv}
rCorr    .         Harm     .   (no gloves)
MR       +....                  (no boots)
Stlth    ..........             (no amulet)
HPRegen  0.29/turn              f - ring of protection from fire
MPRegen  0.14/turn              m - ring of protection from magic

@: mighty, exhausted, no scrolls, heavily drained
A: change form in water, swift swim, stealthy swim, [deformed body], low mp 1,
inability to read while threatened, no stealth, hated by all, inability to train
armour, no air magic, no hexes magic, no summoning magic
a: Draw Out Power, Power Leap, Apocalypse, Renounce Religion, Evoke Invisibility


You were on level 12 of the Dungeon.
You worshipped Ru.
Ru was extremely pleased with you.
You were very hungry.

You visited 2 branches of the dungeon, and saw 18 of its levels.
You visited the Abyss 1 time.

You collected 913 gold pieces.

Inventory:

Hand Weapons
 a - a +2 spear of venom
 b - a +3 spear of piercing (weapon)
 p - a +2 scimitar of flaming
Missiles
 s - 19 tomahawks (quivered)
 x - 8 javelins
 Z - 8 throwing nets
Armour
 c - a +0 helmet (worn)
 q - a +2 cloak of invisibility (worn)
 v - a +3 buckler (worn)
 O - a +0 chain mail (worn)
Jewellery
 f - a ring of protection from fire (left hand)
 m - a ring of protection from magic (right hand)
 U - an uncursed ring of positive energy
Wands
 n - a wand of acid (5/15)
 A - a wand of acid (9/15)
 C - a wand of confusion (19/48)
 D - a wand of flame (19/48)
 L - a wand of lightning (3/15)
 R - a wand of lightning (9/15)
Scrolls
 r - 3 scrolls of fear
 t - 2 scrolls of enchant weapon
 B - 3 scrolls of blinking
 E - a scroll of immolation
 G - 9 scrolls of remove curse
 J - a scroll of recharging
 M - a scroll of noise {unknown}
 T - 3 scrolls of teleportation
Potions
 u - a potion of lignification
 w - a potion of haste
 N - a potion of agility
 P - 2 potions of might
 Q - 6 potions of curing
 V - a potion of flight
 W - 5 potions of mutation
Books
 S - a book of Air

   Spells                             Type                      Level
   a - Shock                          Conjuration/Air              1
   b - Swiftness                      Charms/Air                   2
   c - Static Discharge               Conjuration/Air              3
   d - Airstrike                      Air                          4
   e - Lightning Bolt                 Conjuration/Air              5
Miscellaneous
 X - a phial of floods
Comestibles
 y - 13 bread rations
 z - 12 meat rations
 K - 12 fruits
 Y - 7 royal jellies


   Skills:
 + Level 15.7(13.9) Fighting
 + Level 15.2(13.4) Polearms
 - Level 2.0(0.6) Throwing
 + Level 16.3(14.4) Dodging
 - Level 4.1(2.7) Shields
 - Level 5.0(3.5) Evocations


You had 12 spell levels left.
You didn't know any spells.

Dungeon Overview and Level Annotations

Branches:
Dungeon (12/15)            Temple (0/1) D:4            Lair (6/6) D:11
  Swamp (0/4) Lair:4       Spider (0/4) Lair:4        Slime (0/5) Lair:5
    Orc: D:9-12

Altars:
Fedhas
Hepliaklqana
Nemelex Xobeh
Ru
Trog
Vehumet
Zin
The Shining One

Annotations:
D:12 Erolcha
Lair:1 exclusion: oklob plant


Innate Abilities, Weirdness & Mutations

You revert to your normal form in water.
You are very nimble and swift while swimming.
You are very stealthy in the water. (Stealth+)
Your magical capacity is low. (-10% MP)
You cannot read scrolls while threatened.
You cannot be stealthy.
You are hated by all.
You cannot train Armour skill.
You cannot study or cast Air magic.
You cannot study or cast Hexes magic.
You cannot study or cast Summoning magic.
[Armour fits poorly on your strangely shaped body.]


Message History

Level annotation: Erolcha The small abomination is stunned by your will and fails to attack.
You block the small abomination's attack.
You're too exhausted to power leap.
You feel much better.
Erolcha mumbles some strange words.
Erolcha flickers and vanishes!
The small abomination hits you.
You feel very mighty all of a sudden.
You block the small abomination's attack.
The large abomination misses you. The small abomination hits you!!
* * * LOW HITPOINT WARNING * * *
You puncture the large abomination!
The large abomination is heavily damaged.
The large abomination closely misses you.
You block the small abomination's attack.
You catch the helpless large abomination completely off-guard!
You hit the large abomination.
The large abomination is severely damaged.
The large abomination hits you!!
You die...

#....###................######
#....####..............##
#.....# #.............##
#.....####...........## ###
#......# ##.........## #..#
#......## #........## ....
#.......# ##......## ....
#..#....# #.#X.### ##. ....
#..###### ##@.## #.........
#..# #x## #.......... #..#
##.## #........... #.##
#.(##............ #.###
##.#............. #...###
#............... ##.....###
##...........).. # #........##
#(.............. # #.........#
##..............


You could see a large abomination (blind) and a small abomination.

Vanquished Creatures
  Kirke (Lair:5)
  Nessos (Lair:4)
  Harold (Lair:3)
  2 hydras (Lair:6)
  Erica (D:10)
  5 two-headed ogres
  The ghost of pedritolo the Spear-Bearer, a novice OpCK of Xom (D:11)
  Pikel (D:7)
  A necromancer (Lair:4)
  Maurice (D:8)
  An elephant (Lair:2)
  3 black mambas
  A rust devil (D:11)
  9 spiny frogs
  3 gargoyles
  A centaur skeleton (D:11)
  A rime drake (Lair:5)
  4 komodo dragons
  An ice devil (Lair:2)
  A tyrant leech (Lair:4)
  A merfolk (D:9)
  7 hippogriffs
  3 hogs (Lair:5)
  A wraith (D:12)
  A basilisk (D:7)
  2 wyverns
  40 yaks
  Menkaure (D:7)
  Edmund (D:4)
  2 hell hounds (D:11)
  A soldier ant (D:11)
  7 water moccasins
  7 porcupines
  A black bear (Lair:3)
  2 orc warriors
  4 slaves (D:7)
  5 sky beasts
  4 ice beasts
  2 phantoms
  10 centaurs
  6 ogres
  10 crocodiles
  3 big kobolds
  14 bullfrogs
  A gnoll sergeant (D:9)
  2 small abominations (Abyss:1)
  A scorpion (D:9)
  9 killer bees
  6 wights
  An electric eel (Lair:2)
  4 howler monkeys
  3 crimson imps
  A quasit (D:11)
  A bullfrog zombie (D:11)
  4 hounds
  5 centaur zombies
  9 orc priests
  A jelly (D:11)
  3 bullfrog skeletons
  19 orc wizards
  Crazy Yiuf (D:2)
  Terence (D:2)
  Natasha (thrice) (D:2 D:3)
  2 iguanas
  5 yak simulacra (Lair:4)
  9 worker ants
  5 wolf simulacra (Lair:4)
  A hound skeleton (D:10)
  A hound zombie (D:6)
  A worker ant zombie (D:9)
  9 gnolls
  2 howler monkey skeletons
  A river rat (D:5)
  10 adders
  5 shadow imps
  2 oozes
  An adder zombie (D:6)
  6 worms
  An adder skeleton (D:4)
  A dart slug (D:5)
  3 leopard geckos
  73 orcs
  3 ball pythons
  9 giant cockroaches
  8 goblins
  4 hobgoblins
  6 jackals
  17 kobolds
  6 quokkas
  A ball python skeleton (D:6)
  7 bats
  5 frilled lizards
  A giant cockroach zombie (D:6)
  A jackal zombie (D:8)
  A leopard gecko zombie (D:5)
  A quokka skeleton (D:8)
  7 rats
  A river rat simulacrum (Lair:4)
  6 plants (Lair:6)
472 creatures vanquished.

Vanquished Creatures (others)
  3 hydras
  A two-headed ogre (D:11)
  A sky beast (D:6)
  A bullfrog (D:9)
  A worker ant (D:10)
  3 fungi
10 creatures vanquished.

Grand Total: 482 creatures vanquished

Notes
Turn   | Place    | Note
-------+----------+-------------------------------------------
     0 | D:1      | Gorglomux the Merfolk Gladiator began the quest for the Orb.
     0 | D:1      | Reached XP level 1. HP: 16/16 MP: 1/1
   194 | D:1      | Reached XP level 2. HP: 23/23 MP: 2/2
   620 | D:2      | Reached skill level 3 in Fighting
   620 | D:2      | Reached XP level 3. HP: 26/29 MP: 3/3
   646 | D:2      | Noticed Terence
   658 | D:2      | Killed Terence
   867 | D:2      | Reached XP level 4. HP: 35/35 MP: 4/4
   871 | D:2      | Reached skill level 6 in Polearms
   912 | D:2      | Found a runed door.
   951 | D:2      | Noticed Natasha
   965 | D:2      | Killed Natasha
  1147 | D:2      | Found a sacrificial altar of Ru.
  1154 | D:2      | Reached XP level 5. HP: 42/42 MP: 5/5
  1161 | D:2      | Became a worshipper of Ru the Awakened
  1441 | D:2      | Noticed Crazy Yiuf
  1445 | D:2      | Killed Crazy Yiuf
  1521 | D:3      | Noticed Natasha
  1530 | D:3      | Killed Natasha
  1567 | D:3      | Noticed Natasha
  1581 | D:3      | Killed Natasha
  1834 | D:3      | Reached XP level 6. HP: 31/50 MP: 6/6
  2475 | D:4      | Gained mutation: You are hated by all. [Ru sacrifice]
  2475 | D:4      | Reached * piety under Ru
  2841 | D:4      | Noticed Edmund
  2846 | D:4      | Killed Edmund
  2846 | D:4      | Reached XP level 7. HP: 57/57 MP: 7/7
  2879 | D:4      | Reached skill level 6 in Fighting
  2922 | D:4      | Reached skill level 9 in Polearms
  3117 | D:4      | Found a staircase to the Ecumenical Temple.
  3373 | D:5      | Entered Level 5 of the Dungeon
  3749 | D:5      | Reached XP level 8. HP: 67/67 MP: 8/8
  4076 | D:5      | Gained mutation: You cannot train Armour skill. [Ru sacrifice]
  4076 | D:5      | Reached ** piety under Ru
  4076 | D:5      | Reached *** piety under Ru
  5252 | D:6      | Reached XP level 9. HP: 72/75 MP: 9/9
  5287 | D:6      | Reached skill level 12 in Polearms
  5354 | D:6      | Reached skill level 9 in Fighting
  6086 | D:7      | Found a glowing silver altar of Zin.
  6585 | D:7      | Noticed Pikel
  6616 | D:7      | Killed Pikel
  6883 | D:7      | Noticed Menkaure
  6891 | D:7      | Killed Menkaure
  7078 | D:7      | Reached XP level 10. HP: 70/86 MP: 10/10
  7194 | D:7      | Found a blossoming altar of Fedhas.
  7332 | D:7      | Found a hazy altar of Hepliaklqana.
  7664 | D:8      | Reached skill level 5 in Dodging
  7927 | D:8      | Noticed Maurice
  7942 | D:8      | Killed Maurice
  7942 | D:8      | Reached skill level 6 in Dodging
  8040 | D:8      | Found a bloodstained altar of Trog.
  8553 | D:9      | Noticed a two-headed ogre
  8589 | D:9      | Killed a two-headed ogre
  8589 | D:9      | Reached skill level 7 in Dodging
  9223 | D:9      | Reached skill level 12 in Fighting
  9223 | D:9      | Reached skill level 8 in Dodging
  9461 | D:9      | Found a sparkling altar of Nemelex Xobeh.
  9461 | D:9      | Found a radiant altar of Vehumet.
  9573 | D:9      | Reached skill level 1 in Shields
  9596 | D:9      | Reached skill level 3 in Shields
  9606 | D:9      | Reached XP level 11. HP: 57/95 MP: 11/11
  9828 | D:9      | Found a glowing golden altar of the Shining One.
 10088 | D:10     | Entered Level 10 of the Dungeon
 10118 | D:10     | Reached skill level 9 in Dodging
 10166 | D:10     | Noticed a two-headed ogre
 10210 | D:10     | Killed a two-headed ogre
 10210 | D:10     | Reached skill level 10 in Dodging
 10607 | D:10     | Reached skill level 11 in Dodging
 10611 | D:10     | Noticed a two-headed ogre
 10628 | D:10     | Killed a two-headed ogre
 10887 | D:10     | Noticed Erica
 10911 | D:10     | Killed Erica
 10911 | D:10     | Reached skill level 12 in Dodging
 11192 | D:11     | Noticed a two-headed ogre
 11192 | D:11     | Noticed pedritolo's ghost (novice OpCK)
 11386 | D:11     | Found a staircase to the Lair.
 11444 | D:11     | Killed a two-headed ogre
 11444 | D:11     | Reached skill level 13 in Dodging
 11835 | D:11     | Killed pedritolo's ghost
 11837 | D:11     | Gained mutation: You cannot be stealthy. [Ru sacrifice]
 12093 | D:11     | Reached skill level 14 in Dodging
 12104 | D:11     | Noticed a five-headed hydra
 12150 | D:11     | Killed a five-headed hydra
 12150 | D:11     | Reached XP level 12. HP: 88/102 MP: 12/12
 12658 | Lair:1   | Entered Level 1 of the Lair of Beasts
 12680 | Lair:1   | Reached skill level 15 in Dodging
 14306 | Lair:2   | Gained mutation: Your magical capacity is low. (-10% MP) [Ru sacrifice]
 14306 | Lair:2   | Reached **** piety under Ru
 14864 | Lair:2   | Reached skill level 1 in Evocations
 15152 | Lair:3   | Noticed Harold
 15173 | Lair:3   | Killed Harold
 15459 | Lair:3   | Reached skill level 3 in Evocations
 15492 | Lair:3   | Reached XP level 13. HP: 56/114 MP: 13/13
 16550 | Lair:4   | Found a hole to the Spider Nest.
 16679 | Lair:4   | Noticed Nessos
 16712 | Lair:4   | Killed Nessos
 16712 | Lair:4   | Reached skill level 15 in Fighting
 17005 | Lair:4   | Found a staircase to the Swamp.
 17119 | Lair:4   | Gained mutation: You cannot read scrolls while threatened. [Ru sacrifice]
 17119 | Lair:4   | Reached ***** piety under Ru
 18089 | Lair:5   | Noticed Kirke
 18123 | Lair:5   | Killed Kirke
 18386 | Lair:5   | Found a staircase to the Slime Pits.
 18485 | Lair:6   | Entered Level 6 of the Lair of Beasts
 19187 | Lair:5   | Reached skill level 16 in Dodging
 19773 | D:12     | Reached skill level 15 in Polearms
 19833 | D:12     | Gained mutation: You cannot study or cast Air magic. [Ru sacrifice]
 19833 | D:12     | Gained mutation: You cannot study or cast Hexes magic. [Ru sacrifice]
 19833 | D:12     | Gained mutation: You cannot study or cast Summoning magic. [Ru sacrifice]
 20351 | D:12     | Noticed Erolcha
 20389 | D:12     | Cast into level 1 of the Abyss (Erolcha)
 20417 | Abyss:1  | Noticed a starcursed mass
 20615 | Abyss:1  | Noticed a tentacled starspawn
 20634 | Abyss:1  | Found a corrupted altar of Lugonu.
 20674 | Abyss:1  | Found a basalt altar of Yredelemnul.
 20676 | Abyss:1  | Noticed a Hell Sentinel
 20751 | Abyss:1  | Noticed a red draconian scorcher
 20777 | Abyss:1  | Noticed a rakshasa
 20810 | Abyss:1  | Noticed a lich
 20816 | Abyss:1  | Found a shadowy altar of Dithmenos.
 20856 | Abyss:1  | HP: 5/117 [large abomination (8)]
 20857 | D:12     | Escaped the Abyss
 20862 | D:12     | Mangled by a large abomination

Vault maps used:
D:1:      eino_arrival_tree_alley, hangedman_decor_riveting
D:2:      nicolae_ru_great_annihilating_truth, uniq_terence, uniq_natasha,
          uniq_crazy_yiuf_cottage
D:3:      hangedman_abyss_or_decor_stabs
D:4:      temple_hall, uniq_edmund
D:5:      first_bread, portal_sewer_entry_e, minmay_misc_feat_diagonals
D:6:      roderic_serpentine_path, lemuel_statue_altar
D:7:      minmay_cornered_nines, grunt_temple_overflow_open,
          overflow_temple_1_default, uniq_pikel, uniq_menkaure
D:8:      kennysheep_little_box, uniq_maurice
D:9:      old_standard_altar, gammafunk_temple_overflow_pools,
          hangedman_fish_farm
D:10:     cheibrodos_iron_armory, minivault_24, kennysheep_generic_room_11,
          uniq_erica
D:11:     minmay_lair_entry_lava, solitary_fountain
D:12:     hiddenorc1_lemuel, uniq_erolcha
Lair:1:   portal_ice_cave_demonic_guard, serial_bayou_pond_d,
          minmay_lair_oklob_chamber, lemuel_fruit_fields, grunt_megastairs_3
Lair:2:   serial_bayou_shore_b, infiniplex_staircase_pool
Lair:3:   infiniplex_staircase_pool_2, serial_bayou_shore_b, lemuel_fruit_tree,
          uniq_harold
Lair:4:   minmay_swamp_entry_worms, dummy_spider_entry, eino_house_with_fridge,
          uniq_nessos
Lair:5:   dpeg_slime_entry_corner, uniq_kirke
Lair:6:   cheibrodos_lair_end_hotspot

Skill      XL: |  1  2  3  4  5  6  7  8  9 10 11 12 13 |
---------------+----------------------------------------+-----
Polearms       | 5 6 7 8 10 11 13 14 15 | 15.2
Fighting       | 3 4 5 7 8 10 12 14 15 | 15.7
Dodging        | 8 14 15 16 | 16.3
Shields        | 3 4 |  4.1
Evocations     | 3 5 |  5.0
Throwing       | |  2.0

Action                   |  1- 3 |  4- 6 |  7- 9 | 10-12 | 13-15 || total
-------------------------+-------+-------+-------+-------+-------++-------
Melee: Trident           |    59 |   207 |    48 |       |       ||   314
       Spear             |       |       |   492 |  1382 |   633 ||  2507
       Tailslap          |       |       |       |    17 |       ||    17
       Scimitar          |       |       |       |       |     4 ||     4
Throw: Throwing net      |       |     1 |       |       |       ||     1
Invok: Sacrifice Love    |       |     1 |       |       |       ||     1
       Draw Out Power    |       |       |     1 |     2 |     2 ||     5
       Sacrifice Durabil |       |       |     1 |       |       ||     1
       Reject Sacrifices |       |       |     1 |       |       ||     1
       Sacrifice Stealth |       |       |       |     1 |       ||     1
       Sacrifice Essence |       |       |       |     1 |       ||     1
       Power Leap        |       |       |       |       |    10 ||    10
       Apocalypse        |       |       |       |       |     2 ||     2
       Sacrifice Words   |       |       |       |       |     1 ||     1
       Sacrifice Arcana  |       |       |       |       |     1 ||     1
 Abil: Evoke Invisibilit |       |       |       |     2 |       ||     2
Evoke: Wand              |       |       |     1 |    10 |     3 ||    14
  Use: Scroll            |       |     4 |     7 |     9 |    10 ||    30
       Potion            |       |       |       |       |     4 ||     4
 Stab: Sleeping          |     4 |       |       |       |       ||     4
       Paralysed         |       |     2 |       |       |     5 ||     7
       Held in net/web   |       |     2 |       |       |       ||     2
       Invisible         |       |       |     3 |    13 |     4 ||    20
       Confused          |       |       |     2 |     5 |     5 ||    12
       Distracted        |       |       |     1 |       |     5 ||     6
  Eat: Chunk             |       |     6 |    13 |    24 |    16 ||    59
       Fruit             |       |       |       |     6 |       ||     6
Armor: Leather armour    |     9 |       |       |       |       ||     9
       Chain mail        |     1 |    91 |    94 |   175 |   105 ||   466
Dodge: Dodged            |    30 |    44 |    73 |   294 |   224 ||   665
Block: Buckler           |       |       |    35 |   170 |   152 ||   357
